 Dungeon Crawl Stone Soup version 0.28-a0-983-g1de4e0787c (webtiles) character file.

Game seed: 16714427528374536034

79 sanka the Chopper (level 4, -1/37 HPs)
             Began as a Palentonga Abyssal Knight on Dec 2, 2021.
             Was a Believer of Lugonu.
             Slain by an adder (4 damage)
             ... on level 2 of the Dungeon.
             The game lasted 00:02:50 (2523 turns).

sanka the Chopper (Palentonga Abyssal Knight)       Turns: 2523, Time: 00:02:51

Health: -1/37      AC:  4    Str: 18    XL:     4   Next: 17%
Magic:  5/5        EV:  9    Int: 11    God:    Lugonu [**....]
Gold:   89         SH:  0    Dex: 10    Spells: 3/3 levels left

rFire   + . .      SeeInvis +   a - +0 war axe
rCold   . . .      Faith    .   (no shield)
rNeg    . . .      Spirit   .   b - +0 leather armour
rPois   .          Reflect  .   (no helmet)
rElec   .          Harm     .   (no cloak)
rCorr   .          Rampage  .   (no gloves)
Will    .....                   (no barding)
Stlth   +.........              m - amulet of magic regeneration
HPRegen 0.12/turn               (no ring)
MPRegen 0.49/turn               i - ring of protection from fire

@: lethally poisoned (-1 -> -13)
A: large, rugged brown scales 3, see invisible, deformed body, roll 1, armoured
tail
a: Rolling Charge, Renounce Religion, Depart the Abyss, Bend Space


You were on level 2 of the Dungeon.
You worshipped Lugonu.
Lugonu was pleased with you.
You visited 1 branch of the dungeon, and saw 2 of its levels.
You visited the Abyss 1 time.

You collected 89 gold pieces.


Innate Abilities, Weirdness & Mutations

You are completely covered in rugged brown scales. (AC +3, +7% HP)
You have supernaturally acute eyesight. (SInv)
Armour fits poorly on your strangely shaped body.
You can roll at nearby foes to attack.
You have a long armoured tail.


   Skills:
 - Level 3.0 Fighting
 + Level 4.5 Axes
 - Level 1.5 Armour
 - Level 0.7 Dodging
 - Level 2.0 Invocations


You had 3 spell levels left.
You didn't know any spells.
Your spell library contained the following spells:

 Spells                   Type           Power      Damage    Failure   Level
 Tukima's Dance           Hex            0%         N/A       77%         3
 Passage of Golubria      Tloc           0%         N/A       99%         4
 Yara's Violent Unravell  Hex/Tmut       0%         3d3       100%        5

Inventory:

Hand Weapons
 a - a +0 war axe (weapon)
Armour
 b - a +0 leather armour (worn)
 l - a +0 helmet
Jewellery
 i - a ring of protection from fire (right hand)
 m - an amulet of magic regeneration (around neck)
Scrolls
 c - a scroll of teleportation {unknown}
 f - a scroll of noise {unknown}
 n - a scroll of vulnerability {unknown}
Potions
 d - a potion of degeneration {unknown}
 e - a potion of haste {unknown}
 h - a potion of curing {unknown}
 j - a potion of might {unknown}
 k - a potion of resistance {unknown}

Dungeon Overview and Level Annotations

Branches:
Dungeon (2/15)

Altars:

▒............▒ ▒.▒
▒▒.▒..........▒▒▒▒.▒▒▒
▒▒▒▒.†.▒▒▒▒▒▒▒.......)...
▒..'...'..▒ ▒...▒▒▒▒.▒▒▒
▒..▒...▒..▒ ▒...▒ ▒.▒ ▒▒
▒...▒▒▒▒▒'▒▒▒▒▒ ▒.▒ .
▒..)▒.....'.. ▒.▒
....▒...▒S†...▒ ▒.▒
....S.SSSH....▒ ▒.▒
....▒...▒SS...▒ ▒.▒
....▒...▒.....'.. ▒.▒ ▒▒▒
▒...▒▒▒▒▒'▒▒▒▒▒▒▒▒.▒▒▒
▒...▒ ▒........... '...'
.▒▒▒▒▒▒▒▒▒▒ ▒▒...▒ ▒▒...


You could see 2 adders and 5 ball pythons.


Message History

The ball python bites you.
* * * LOW HITPOINT WARNING * * *
The ball python barely misses you. The adder bites you.
* * * LOW HITPOINT WARNING * * *
You are lethally poisoned!
The adder poisons you! The adder bites you.
* * * LOW HITPOINT WARNING * * *
The ball python bites you but does no damage.
The adder closely misses you.
You hit the adder.
You kill the adder!
Lugonu accepts your kill.
You hit the ball python.
You kill the ball python!
Lugonu accepts your kill.
You hit the adder. You closely miss the ball python.
You hit the ball python but do no damage.
You closely miss the adder.
* * * LOW HITPOINT WARNING * * *
You feel very sick. The adder bites you but does no damage.
The ball python closely misses you. The ball python bites you.
* * * LOW HITPOINT WARNING * * *
The adder barely misses you. The adder bites you.
You die...

Action                   |  1- 3 |  4- 6 || total
-------------------------+-------+-------++-------
Melee: Hand axe          |    50 |       ||    50
       Tailslap          |     5 |     1 ||     6
       War axe           |    57 |    14 ||    71
 Abil: Rolling Charge    |    13 |     1 ||    14
  Use: Potion            |     1 |     1 ||     2
Armor: Leather armour    |    44 |     8 ||    52
Dodge: Dodged            |    50 |    13 ||    63

Levels and vault maps discovered:
D:1:      amcnicky_arrival_choice, layout_basic,
          shapermc_ecumenical_altar_mp_vishouse, serial_curves, eino_curves_01,
          eino_curves_02
D:2:      minmay_chambers_of_ones, layout_basic, minmay_snake_closets

Notes
Turn   | Place    | Note
-------+----------+-------------------------------------------
     0 | Abyss:1  | sanka the Palentonga Abyssal Knight began the quest for the
                  | Orb.
     0 | Abyss:1  | Reached XP level 1. HP: 19/19 MP: 2/2
    45 | D:1      | Escaped the Abyss
   180 | D:1      | Reached XP level 2. HP: 25/25 MP: 3/3
   247 | D:1      | Reached skill level 3 in Axes
   287 | D:1      | Found a faded altar of an unknown god.
  1071 | D:2      | Reached XP level 3. HP: 12/31 MP: 4/4
  1325 | D:2      | Reached ** piety under Lugonu
  1762 | D:2      | Reached skill level 4 in Axes
  2362 | D:2      | Reached XP level 4. HP: 28/37 MP: 5/5
  2523 | D:2      | HP: 3/37 [ball python (2)]
  2523 | D:2      | Slain by an adder

Vanquished Creatures
  5 adders (D:2)
  A worm (D:2)
  A dart slug (D:1)
  4 bats
  An endoplasm (D:1)
  3 giant cockroaches (D:1)
  3 goblins
  8 hobgoblins
  6 ball pythons (D:2)
  2 frilled lizards (D:1)
  A kobold (D:1)
  5 rats
40 creatures vanquished.
